 Dungeon Crawl Stone Soup version 0.30.0-10-gfe55d96785 (webtiles) character file.

Game seed: 10655906668037566764

2699 flt the Trooper (level 9, 0/85 HPs)
             Began as a Gargoyle Cinder Acolyte on May 16, 2023.
             Was a High Priest of Ignis.
             Slain by a human
             ... wielding a +2 heavy hand axe
              (2 damage)
             ... in a bailey.
             The game lasted 00:11:50 (6372 turns).

flt the Trooper (Gargoyle Cinder Acolyte)           Turns: 6372, Time: 00:11:51

Health: 0/85       AC: 24    Str: 22    XL:     9   Next: 65%
Magic:  1/16       EV:  2    Int: 21    God:    Ignis [*****.]
Gold:   246        SH:  0    Dex:  5    Spells: 14/18 levels left

rFire   + . .        a - -1 mace (flame)
rCold   . . .        (no shield)
rNeg    + + .        o - melded +0 robe {Will+}
rPois   ∞            k - melded +1 helmet {SInv}
rElec   .            c - melded +1 cloak {rCorr}
rCorr   .            s - melded +0 pair of gloves
SInv    .            (boots currently unavailable)
Will    .....        (no amulet)
Stlth   +            h - ring of positive energy
HPRegen 0.34/turn    v - +6 ring of intelligence
MPRegen 0.15/turn

%: no passive effects
@: tree-form
A: stationary, stasis, torment immunity, boosted hp, sickness immunity, AC +6,
negative energy resistance 1, (electricity resistance), torment resistance 1,
petrification resistance
a: Renounce Religion, Fiery Armour, Foxfire Swarm, Rising Flame


You were in a bailey.
You worshipped Ignis.
Ignis was extremely pleased with you.
You were a tree.
You visited 1 branch of the dungeon, and saw 7 of its levels.
You also visited: Bailey.

You collected 342 gold pieces.
You spent 96 gold pieces at shops.

Inventory:

Hand Weapons
 a - a -1 mace of flaming (weapon)
 f - a +0 mace
 j - a +0 sling of flaming
Missiles
 d - 6 throwing nets (quivered)
 g - 9 poisoned darts
 m - 6 javelins
Armour
 c - a +1 cloak of preservation (melded)
 e - a +0 chain mail
 k - a +1 helmet of see invisible (melded)
 o - a +0 robe of willpower (melded)
 s - a +0 pair of gloves (melded)
 t - a +0 buckler
Magical Staves
 p - a staff of fire
Jewellery
 h - a ring of positive energy (left branch)
 v - a +6 ring of intelligence (right branch)
Wands
 l - a wand of flame (3)
 x - a wand of roots (7)
Scrolls
 n - a scroll of amnesia {unknown}
 w - a scroll of identify
Potions
 b - a potion of berserk rage {unknown}
 r - a potion of might {unknown}
 u - a potion of haste
 z - a potion of attraction {unknown}


   Skills:
 + Level 7.1 Fighting
 + Level 6.5 Maces & Flails
 + Level 6.1 Armour
 + Level 5.2 Spellcasting
 + Level 6.4 Fire Magic


You had 14 spell levels left.
You knew the following spells:

 Your Spells              Type           Power      Damage    Failure   Level
a - Scorch                Fire           64%        2d8       1%          2
b - Blink                 Tloc           10%        N/A       16%         2

Your spell library contained the following spells:

 Spells                   Type           Power      Damage    Failure   Level
 Lesser Beckoning         Tloc           10%        N/A       16%         2
 Momentum Strike          Conj/Tloc      10%        3d8       16%         2
 Portal Projectile        Hex/Tloc       10%        N/A       32%         3
 Tukima's Dance           Hex            5%         N/A       32%         3
 Blade Hands              Tmut           2%         N/A       96%         5


Dungeon Overview and Level Annotations

Branches:
Dungeon (7/15)             Temple (0/1) D:4          Bailey (1/1)

Altars:
Kikubaaqudgha
Makhleb
Okawaru
Ru
Sif Muna
Vehumet
Wu Jian

Shops:
D:3 *


Innate Abilities, Weirdness & Mutations

You are a tree.
Your roots penetrate the ground, keeping you stationary.
You cannot be teleported.
You are immune to unholy pain and torment.
Your maximum health is greatly increased.
Your equipment is partially melded.
You are immune to sickness and miasma.
((Your stone body is resilient. (AC +6)))
You are immune to poison.
You resist negative energy. (rN+)
((You are resistant to electric shocks. (rElec)))
You are resistant to unholy torment.
You are immune to petrification.


Message History

You hit the human but do no damage.
The human is moderately wounded.
The human barely misses you. The human hits you but does no damage.
The goblin hits you with a +0 war axe. The goblin closely misses you.
The human hits you with a +0 war axe.
You hit the human but do no damage.
The human is almost dead.
The human hits you with a +2 heavy hand axe.
The human hits you with a +0 war axe. The goblin barely misses you.
You sock the human! You burn the human.
You kill the human!
The human hits you but does no damage. x2; The goblin barely misses you.
You hit the human but do no damage.
The human hits you with a +2 heavy hand axe.
The goblin hits you but does no damage.
Casting: Scorch (safe; 1% risk of failure)
Confirm with . or Enter, or press ? or * to list all spells.
Flames lash the human.
The human is lightly wounded.
The human's fire resistance burns away.
The human hits you with a +2 heavy hand axe.
The human hits you but does no damage. The goblin closely misses you.
You closely miss the human.
The human is lightly wounded.
The human hits you with a +2 heavy hand axe!
* * * LOW HITPOINT WARNING * * *
The human hits you with a +2 heavy hand axe.
* * * LOW HITPOINT WARNING * * *
A human comes into view. It is wielding a +1 heavy hand axe.
The human hits you but does no damage. The goblin closely misses you.
Really quaff the potion of lignification?
You turn into a tree.
Your +1 cloak of preservation melds into your body.
Your +1 helmet of see invisible melds into your body.
Your +0 pair of gloves melds into your body.
Your +0 robe of willpower melds into your body.
You feel less perceptive.
You feel less strong-willed.
Your roots penetrate the ground.
The human hits you with a +2 heavy hand axe.
You die...

#### #####
.....
##...##p.....
#..∩..'.)..#
#.....######
#pgp..+~~~#
##♣p.##~~~~#
#####~~~~~+
#~~~~~#
##~~~## #####


You could see 4 humans and a goblin.

Vanquished Creatures
  A hornet (D:6)
  Sigmund (D:6)
  A human (Bailey)
  2 water moccasins (D:5)
  An orc warrior (D:6)
  4 ice beasts
  2 black bears (D:6)
  An ogre (D:5)
  2 phantoms (D:5)
  A bullfrog (D:7)
  7 scorpions
  2 howler monkeys
  An orc priest (D:4)
  2 hounds (D:4)
  A gnoll bouda (D:5)
  2 iguanas
  Natasha (thrice) (D:3)
  3 orc wizards
  12 gnolls
  6 adders
  2 shadow imps
  A white imp (D:5)
  2 worms
  3 dart slugs
  6 orcs
  4 ball pythons
  6 endoplasms
  4 giant cockroaches
  9 goblins
  5 hobgoblins
  8 jackals
  A quokka (D:1)
  8 bats
  7 frilled lizards
  7 kobolds
  6 rats
134 creatures vanquished.

Notes
Turn   | Place    | Note
-------+----------+-------------------------------------------
     0 | D:1      | flt the Gargoyle Cinder Acolyte began the quest for the
                  | Orb.
     0 | D:1      | Reached XP level 1. HP: 14/14 MP: 2/2
   141 | D:1      | Reached XP level 2. HP: 19/19 MP: 3/3
   144 | D:1      | Learned a level 2 spell: Scorch
   543 | D:1      | Reached skill level 1 in Armour
   543 | D:1      | Reached XP level 3. HP: 20/23 MP: 0/5
  1142 | D:2      | Reached XP level 4. HP: 26/29 MP: 6/6
  1779 | D:2      | Identified a scroll of acquirement
  1779 | D:2      | Acquired a +1 cloak of preservation
  1849 | D:3      | Noticed Natasha
  1874 | D:3      | Killed Natasha
  1875 | D:3      | Reached skill level 4 in Fighting
  1875 | D:3      | Reached XP level 5. HP: 16/33 MP: 1/8
  1956 | D:3      | Noticed Natasha
  1960 | D:3      | Killed Natasha
  2468 | D:3      | Noticed Natasha
  2481 | D:3      | Killed Natasha
  2536 | D:3      | Found a sacrificial altar of Ru.
  2654 | D:3      | Found Esaoqej's Assorted Antiques.
  2659 | D:3      | Bought an embroidered robe for 96 gold pieces
  2743 | D:4      | Learned a level 2 spell: Blink
  2766 | D:4      | Found a staircase to the Ecumenical Temple.
  2772 | D:4      | Reached XP level 6. HP: 39/39 MP: 4/9
  2923 | D:4      | Found an ornate altar of the Wu Jian Council.
  3248 | D:4      | Reached XP level 7. HP: 43/44 MP: 5/11
  3710 | D:5      | Entered Level 5 of the Dungeon
  3811 | D:5      | Reached skill level 5 in Fighting
  4161 | D:5      | Reached XP level 8. HP: 33/50 MP: 8/13
  4200 | D:5      | Found an iron altar of Okawaru.
  4302 | D:5      | Reached skill level 5 in Maces & Flails
  4369 | D:5      | Reached skill level 5 in Fire Magic
  4515 | D:5      | Found a radiant altar of Vehumet.
  4967 | D:5      | Reached skill level 6 in Fighting
  5313 | D:6      | Noticed a hornet
  5323 | D:6      | Killed a hornet
  5324 | D:6      | Reached skill level 5 in Armour
  5409 | D:6      | Reached XP level 9. HP: 56/56 MP: 8/15
  5464 | D:6      | Noticed Sigmund
  5472 | D:6      | Killed Sigmund
  5769 | D:6      | Found a burning altar of Makhleb.
  5772 | D:6      | Found an ancient bone altar of Kikubaaqudgha.
  5779 | D:6      | Reached skill level 5 in Spellcasting
  6148 | D:6      | Found a shimmering blue altar of Sif Muna.
  6324 | D:7      | Found a flagged portal.
  6328 | D:7      | Reached skill level 7 in Fighting
  6336 | Bailey   | Entered a bailey
  6371 | Bailey   | HP: 1/57 [human/+2 heavy hand axe (6)]
  6372 | Bailey   | Slain by a human

Illustrated notes

Levels and vault maps discovered:
D:1:      ldierk_walled_garden_2, layout_basic
D:2:      layout_loops_corners, minmay_circle_x
D:3:      layout_loops_cross, nicolae_ru_awakened_eye, serial_shops,
          nicolae_shop_pleasant_corner_grove, uniq_natasha
D:4:      layout_basic, mainiacjoe_overflow_brackets,
          minmay_temple_entry_sparse_star, moated_statue
D:5:      layout_basic, kennysheep_okawaru_gauntlet, vehumet_crystals,
          nicolae_grassy_gnolls
D:6:      layout_cave_pools, chequers_temple_overflow_statue_of_worship,
          kennysheep_orc_sif_temple, uniq_sigmund
D:7:      layout_basic, enter_bailey_2, wad_woods_river_04,
          mrwooster_statue_mirror, eino_tiny_chamber, minmay_lizard_king
Bailey:   bailey_axe_froggy_fort_hellmonk, bailey

Skill      XL: |  1  2  3  4  5  6  7  8  9 |
---------------+----------------------------+-----
Armour         | 1 2 3 4 5 6 |  6.1
Spellcasting   | 2 3 4 5 |  5.2
Fighting       | 4 5 6 7 |  7.1
Maces & Flails | 4 5 6 |  6.5
Fire Magic     | 4 5 6 |  6.4

Action                     |  1- 3 |  4- 6 |  7- 9 || total
---------------------------+-------+-------+-------++-------
  Melee: Mace              |   110 |   154 |   123 ||   387
   Fire: Sling             |       |       |    18 ||    18
   Cast: Scorch            |     7 |    18 |   115 ||   140
    Use: Scroll            |       |     4 |     9 ||    13
         Potion            |       |     1 |     2 ||     3
 Armour: Robe              |    56 |    72 |    91 ||   219
  Dodge: Dodged            |    86 |   119 |   109 ||   314
